 Dungeon Crawl Stone Soup version 0.31-a0-202-g547052bce9 (webtiles) character file.

Game seed: 597852468759833175

1233 gelatine the Chopper (level 8, 0/61 HPs)
             Began as a Demonspawn Fighter on June 26, 2023.
             Succumbed to a kobold brigand's poison
             ... on level 6 of the Dungeon.
             The game lasted 00:11:03 (4001 turns).

gelatine the Chopper (Demonspawn Fighter)           Turns: 4001, Time: 00:11:03

Health: 0/61       AC: 12    Str: 19    XL:     8   Next: 24%
Magic:  8/8        EV:  6    Int:  9    God:
Gold:   250        SH:  5    Dex: 13    Spells: 7/7 levels left

rFire   . . .        a - +0 war axe
rCold   . . .        c - +0 buckler
rNeg    . . .        h - +0 plate armour
rPois   +            (no helmet)
rElec   .            o - +0 cloak
rCorr   .            (no gloves)
SInv    .            m - +0 pair of boots
Will    .....        (no amulet) Stlth
                     n - ring of poison resistance
HPRegen 0.30/turn    (no ring)
MPRegen 0.11/turn

%: no passive effects
@: lethally poisoned (0 -> -1), corroded, hasted, very quick
A: claws 1, slimy green scales 1, foul stench 1, spiny 1
a: no special abilities


You were on level 6 of the Dungeon.
You visited 1 branch of the dungeon, and saw 6 of its levels.

You collected 250 gold pieces.

Inventory:

Hand Weapons
 a - a +0 war axe (weapon)
 q - a +0 broad axe
Missiles
 k - 10 boomerangs (quivered)
 w - a throwing net
Armour
 c - a +0 buckler (worn)
 h - a +0 plate armour (worn)
 m - a +0 pair of boots (worn)
 o - a +0 cloak (worn)
 v - a +0 leather armour of poison resistance
Jewellery
 n - a ring of poison resistance (left claw)
 r - an amulet of magic regeneration
 u - a ring of magical power
Wands
 x - a wand of iceblast (10)
 A - a wand of flame (17)
Scrolls
 f - a scroll of poison {unknown}
 g - a scroll of brand weapon {unknown}
 j - 2 scrolls of vulnerability {unknown}
 l - a scroll of teleportation {unknown}
 p - a scroll of amnesia {unknown}
 s - a scroll of identify
 y - a scroll of enchant weapon {unknown}
 C - a scroll of immolation {unknown}
Potions
 d - 3 potions of might
 e - a potion of berserk rage
 i - a potion of ambrosia
 t - 2 potions of curing {unknown}
 z - a potion of magic {unknown}
 B - a potion of enlightenment {unknown}


   Skills:
 * Level 4.8 Fighting
 * Level 6.2 Axes
 + Level 1.0 Throwing
 * Level 4.5 Armour
 * Level 2.5 Dodging
 * Level 4.1 Shields


You had 7 spell levels left.
You didn't know any spells.
Your spell library contained the following spells:

 Spells                   Type           Power      Damage    Failure   Level
 Sublimation of Blood     Necr           0%         N/A       100%        2
 Wereblood                Tmut           0%         N/A       100%        2
 Summon Hydra             Summ           0%         N/A       100%        7


Dungeon Overview and Level Annotations

Branches:
Dungeon (6/15)
 Temple: D:4-7

Altars:
Ru
Yredelemnul

Shops:
D:2 *


Innate Abilities, Weirdness & Mutations

You have sharp fingernails.
You are partially covered in slimy green scales. (AC +2)
You may rarely emit foul miasma when damaged in melee.
You are partially covered in sharp spines.


Message History

The jelly is moderately wounded.
You barely miss the kobold brigand. You barely miss the ice beast.
A scorpion comes into view.
The kobold brigand is struck by your spines.
The kobold brigand hits you but does no damage.
The ice beast hits you. The ice beast freezes you!
You block the jelly's attack. You block the orc priest's attack.
You slash the jelly!
Your claws burn!
The jelly is almost dead.
You closely miss the kobold brigand. You slash the ice beast!
The kobold brigand is struck by your spines.
The kobold brigand hits you with a +0 dagger.
The orc priest invokes the aid of Beogh against you.
Beogh smites you!
* * * LOW HITPOINT WARNING * * *
The jelly is struck by your spines.
You kill the jelly!
The ice beast is struck by your spines.
The ice beast hits you but does no damage.
The kobold brigand attacks as you move away!
You block the kobold brigand's attack.
The kobold brigand throws a poisoned dart.
The poisoned dart hits you!
You are poisoned.
You feel very sick.
You see here a +0 short sword.
You feel sick.
You feel yourself speed up.
You feel sick.
The orc priest hits you from afar with a +0 trident.
* * * LOW HITPOINT WARNING * * *
The ice beast hits you but does no damage.
* * * LOW HITPOINT WARNING * * *
You feel sick.
* * * LOW HITPOINT WARNING * * *
You feel sick.
* * * LOW HITPOINT WARNING * * *
You feel sick.
* * * LOW HITPOINT WARNING * * *
You feel sick.
You die...

#.(...........#
#..)##........##
#..K##..........
#...............
#....Y........#
#...##..).....##
#+####.........#
#..............#
#....@.........#
#....<.........#
#...##.........#
#### #.........#
#....##...#
#....##...#
#.........#
#.........#
#....######


There were no monsters in sight!

Vanquished Creatures
  Eustachio (D:5)
  2 water moccasins (D:5)
  A black bear (D:4)
  An ogre (D:6)
  Blork the orc (D:5)
  2 scorpions (D:6)
  A jelly (D:6)
  A gnoll bouda (D:5)
  Crazy Yiuf (D:5)
  2 iguanas
  Natasha (thrice) (D:2)
  2 orc wizards (D:5)
  Ijyb (D:5)
  6 gnolls (D:5)
  7 adders
  An adder zombie (D:3)
  A worm (D:4)
  A dart slug (D:2)
  26 orcs
  6 ball pythons
  7 bats
  5 endoplasms
  7 goblins
  9 hobgoblins
  6 kobolds
  2 quokkas
  A ball python zombie (D:3)
  5 frilled lizards
  5 rats
114 creatures vanquished.

Notes
Turn   | Place    | Note
-------+----------+-------------------------------------------
     0 | D:1      | gelatine the Demonspawn Fighter began the quest for the
                  | Orb.
     0 | D:1      | Reached XP level 1. HP: 18/18 MP: 1/1
     6 | D:1      | Noticed an anaconda
     6 | D:1      | Noticed a wyvern
     6 | D:1      | Noticed a swamp worm
     7 | D:1      | Noticed a redback
    75 | D:1      | Gained mutation: You may rarely emit foul miasma when
                  | damaged in melee. [demonic ancestry]
    75 | D:1      | Reached XP level 2. HP: 23/24 MP: 2/2
   106 | D:1      | Found a faded altar of an unknown god.
   117 | D:1      | Reached skill level 2 in Axes
   741 | D:2      | Gained mutation: You have sharp fingernails. [demonic
                  | ancestry]
   741 | D:2      | Reached XP level 3. HP: 16/29 MP: 3/3
  1151 | D:2      | Found Tavuod's General Store.
  1153 | D:2      | Noticed Natasha
  1158 | D:2      | Killed Natasha
  1159 | D:2      | Reached skill level 3 in Axes
  1159 | D:2      | Gained mutation: You are partially covered in slimy green
                  | scales. (AC +2) [demonic ancestry]
  1159 | D:2      | Reached XP level 4. HP: 35/35 MP: 4/4
  1296 | D:2      | Noticed Natasha
  1303 | D:2      | Killed Natasha
  1496 | D:2      | Noticed Natasha
  1500 | D:2      | Killed Natasha
  1556 | D:3      | Reached skill level 1 in Dodging
  1556 | D:3      | Reached XP level 5. HP: 39/41 MP: 5/5
  1938 | D:3      | Found a sacrificial altar of Ru.
  2138 | D:3      | Found a basalt altar of Yredelemnul.
  2423 | D:4      | Noticed a black bear
  2428 | D:4      | Killed a black bear
  2429 | D:4      | Reached skill level 4 in Axes
  2429 | D:4      | Gained mutation: You are partially covered in sharp spines.
                  | [demonic ancestry]
  2429 | D:4      | Reached XP level 6. HP: 48/48 MP: 6/6
  2671 | D:5      | Entered Level 5 of the Dungeon
  2724 | D:5      | Noticed Eustachio
  2745 | D:5      | Killed Eustachio
  2878 | D:5      | Noticed a water moccasin
  2885 | D:5      | Killed a water moccasin
  2886 | D:5      | Reached XP level 7. HP: 54/54 MP: 7/7
  3036 | D:5      | Reached skill level 5 in Axes
  3344 | D:5      | Noticed Ijyb
  3353 | D:5      | Killed Ijyb
  3520 | D:5      | Noticed Blork the orc
  3528 | D:5      | Killed Blork the orc
  3633 | D:5      | Found a runed translucent door.
  3634 | D:5      | Noticed Crazy Yiuf
  3738 | D:5      | Killed Crazy Yiuf
  3962 | D:6      | Reached XP level 8. HP: 61/61 MP: 8/8
  3979 | D:6      | Reached skill level 1 in Throwing
  3983 | D:6      | Reached skill level 6 in Axes
  3996 | D:6      | HP: 3/61 [poisoned by a kobold brigand]
  4000 | D:6      | HP: 1/61 [poisoned by a kobold brigand]
  4001 | D:6      | Succumbed to a kobold brigand's poison

Illustrated notes

Levels and vault maps discovered:
D:1:      onia_arrival_zoo_common, layout_basic,
          dreamdust_ecumenical_altar_grove
D:2:      layout_loops_ring, serial_shops, shop, uniq_natasha
D:3:      cheibrodos_old_hovel, layout_basic, mainiacjoe_overflow_paths,
          lemuel_zombie_altar_yredelemnul, hangedman_decor_points,
          corner_web_ring, supply_closet_lemuel
D:4:      layout_rooms
D:5:      layout_loops_ring, zin_academy, tso_oasis_becter, minmay_liquid_box,
          saegor_snake_ambush, uniq_blork_the_orc, uniq_ijyb, uniq_eustachio,
          uniq_crazy_yiuf_cottage
D:6:      layout_gridville, mainiacjoe_overflow_small_starburst, serial_shops,
          nicolae_diamond_shop, minmay_fractal_squares_5

Skill      XL: |  1  2  3  4  5  6  7  8 |
---------------+-------------------------+-----
Axes           | 2 3 4 5 6 |  6.2
Armour         | 3 4 |  4.5
Shields        | 3 4 |  4.1
Dodging        | 1 2 |  2.5
Fighting       | 4 |  4.8
Throwing       | 1 |  1.0

Action                     |  1- 3 |  4- 6 |  7- 9 || total
---------------------------+-------+-------+-------++-------
  Melee: War axe           |    72 |   128 |   100 ||   300
  Throw: Boomerang         |       |     1 |     7 ||     8
    Use: Scroll            |       |     3 |       ||     3
         Potion            |       |       |     1 ||     1
 Armour: Scale mail        |    40 |       |       ||    40
         Plate armour      |     3 |    76 |    65 ||   144
  Dodge: Dodged            |    37 |    33 |    20 ||    90
  Block: Buckler           |    21 |    32 |    26 ||    79

Table legend: (Time is in decaauts)
 A = Elapsed time spent in this place.
 B = Non-inter-level travel time spent in this place.
 C = Inter-level travel time spent in this place.
 D = Time resting spent in this place.
 E = Time spent auto-exploring this place.
 F = Levels seen in this place.
 G = Mean time per level.
                   A        B        C        D        E       F      G
               +--------+--------+--------+--------+--------+-----+--------+
         Total |   4141 |   3832 |    309 |      0 |   2974 |   6 |  690.2 |
       Dungeon |   4141 |   3832 |    309 |      0 |   2974 |   6 |  690.2 |
               +--------+--------+--------+--------+--------+-----+--------+

Top non-repeatable levels by time:
     D:5: 1335 daAuts
     D:2: 813 daAuts
     D:3: 763 daAuts
     D:1: 743 daAuts
     D:4: 423 daAuts
     D:6: 62 daAuts
